 Dungeon Crawl Stone Soup version 0.31-a0-1074-g0b22e4e0f1 (webtiles) character file.

Game seed: 12361894440871204217

518 DApurpleWHUMPUS the Magician (level 7, -10/36 HPs)
             Began as a Deep Elf Summoner on Nov 29, 2023.
             Mangled by a wyvern (15 damage)
             ... on level 5 of the Dungeon on Dec 4, 2023.
             The game lasted 00:11:36 (3657 turns).

DApurpleWHUMPUS the Magician (Deep Elf Summoner)    Turns: 3657, Time: 00:11:37

Health: -10/36     AC:  4    Str:  5    XL:     7   Next: 1%
Magic:  19/19      EV: 11    Int: 22    God:
Gold:   85         SH:  0    Dex: 15    Spells: 14/20 levels left

rFire   . . .        o - +2 spear (flame)
rCold   . . .        (no shield)
rNeg    . . .        j - +0 leather armour
rPois   .            p - +0 helmet
rElec   .            (no cloak)
rCorr   .            (no gloves)
SInv    .            (no boots)
Will    .....        (no amulet)
Stlth   ++           (no ring)
HPRegen 0.26/turn    (no ring)
MPRegen 0.16/turn

%: no passive effects
@: no status effects
A: no striking features
a: no special abilities


You were on level 5 of the Dungeon.
You visited 1 branch of the dungeon, and saw 4 of its levels.

You collected 85 gold pieces.

Inventory:

Hand Weapons
 o - a +2 spear of flaming (weapon)
Armour
 a - a +0 robe
 h - a +2 chain mail of poison resistance
 j - a +0 leather armour (worn)
 p - a +0 helmet (worn)
Scrolls
 d - a scroll of fear {unknown}
 e - a scroll of fog {unknown}
 g - 2 scrolls of teleportation {unknown}
 k - 2 scrolls of silence {unknown}
 l - 2 scrolls of poison {unknown}
 n - a scroll of identify {unknown}
 q - a scroll of enchant weapon {unknown}
 r - a scroll of immolation {unknown}
Potions
 b - a potion of magic
 c - a potion of resistance {unknown}
 f - a potion of experience {unknown}
 i - 2 potions of curing {unknown}
 m - a potion of cancellation {unknown}
 s - 2 potions of enlightenment {unknown}
 t - a potion of heal wounds {unknown}
 u - a potion of degeneration {unknown}


   Skills:
 - Level 2.4 Dodging
 - Level 2.4 Stealth
 * Level 7.4 Spellcasting
 * Level 7.2 Summonings


You had 14 spell levels left.
You knew the following spells:

 Your Spells              Type           Power      Damage    Failure   Level
a - Summon Small Mammal   Summ           100%       N/A       1%          1
b - Call Canine Familiar  Summ           40%        N/A       1%          3
c - Call Imp              Summ           80%        N/A       1%          2

Your spell library contained the following spells:

 Spells                   Type           Power      Damage    Failure   Level
 Summon Guardian Golem    Hex/Summ       24%        N/A       9%          3
 Animate Armour           Summ/Erth      48%        N/A       28%         4
 Summon Lightning Spire   Summ/Air       24%        N/A       28%         4
 Stone Arrow              Conj/Erth      16%        3d8       36%         3
 Passage of Golubria      Tloc           8%         N/A       78%         4
 Sticky Flame             Conj/Fire      8%         2d3       78%         4
 Silence                  Hex/Air        4%         N/A       98%         5
 Bombard                  Conj/Erth      4%         9d2       100%        6
 Lehudib's Crystal Spear  Conj/Erth      4%         10d3      100%        8


Dungeon Overview and Level Annotations

Branches:
Dungeon (3/15)

Altars:

Shops:
D:2 *   D:5 [


Message History

The shaft crumbles and collapses.
Found 2 stones and a short sword.
Found an orcbow.
Found a stone staircase leading down.
Found 5 boomerangs.
Found a stone staircase leading up.
There is a stone staircase leading up here.
You open the door.
Found 5 stones.
There is an open door here.
Found Tiemuem's Armour Boutique.
A wyvern comes into view.
Found an escape hatch in the ceiling.
A wyvern is nearby!
Casting: Call Imp (safe; 1% risk of failure)
Confirm with . or Enter, or press ? or * to list all spells.
A tiny devil pulls itself out of the air.
The wyvern bites you!
Okay, then.
The wyvern bites you! The wyvern attacks as it pursues you!
The wyvern bites you!
* * * LOW HITPOINT WARNING * * *
Your cerulean imp barely misses the wyvern.
The wyvern bites you but does no damage.
The wyvern bites you but does no damage.
Your cerulean imp hits the wyvern from afar with a +0 spear.
There is an open door here.
Your cerulean imp hits the wyvern with a +0 spear.
The wyvern bites you but does no damage.
Your cerulean imp hits the wyvern but does no damage.
There is a stone staircase leading up here.
Okay, then.
Okay, then.
The wyvern closely misses you.
Casting: Call Imp (safe; 1% risk of failure)
Confirm with . or Enter, or press ? or * to list all spells.
You don't know that spell.
The wyvern closely misses you.
Your cerulean imp hits the wyvern but does no damage.
The wyvern attacks as it pursues you! The wyvern bites you!
You die...

#...##..# ###.###.#
#.# #.#########
#.###.........# #.
#........5......#.....
###.######......#.....
... #......#.)... ...
#..l.......# ...
#...@......#######...
#....................
#.................(..
####.................
#.^.................
#.............######
#.........#.#..##...
#......####.#..##.#.
#......# #.#.......


You could see a wyvern (ally target) and a friendly cerulean imp (summoned).

Vanquished Creatures
  An adder (D:2)
  A bat (D:2)
  A giant cockroach (D:3)
3 creatures vanquished.

Vanquished Creatures (collateral kills)
  Grinder (D:2)
  Sigmund (D:2)
  Jessica (D:3)
  Robin (D:3)
  An adder (D:2)
  3 dart slugs
  10 ball pythons
  5 bats
  6 endoplasms
  3 giant cockroaches (D:1)
  9 goblins
  8 hobgoblins
  6 jackals
  3 quokkas
  3 frilled lizards
  3 kobolds (D:1)
  4 rats
68 creatures vanquished.

Grand Total: 71 creatures vanquished

Notes
Turn   | Place    | Note
-------+----------+-------------------------------------------
     0 | D:1      | DApurpleWHUMPUS the Deep Elf Summoner began the quest for
                  | the Orb.
     0 | D:1      | Reached XP level 1. HP: 10/10 MP: 6/6
   249 | D:1      | Reached XP level 2. HP: 15/15 MP: 3/8
   532 | D:1      | Got the Codex of Tephra and the Volcano
   942 | D:1      | Reached skill level 5 in Summonings
   949 | D:1      | Reached XP level 3. HP: 15/19 MP: 8/10
  1039 | D:1      | Learned a level 3 spell: Call Canine Familiar
  1350 | D:1      | Learned a level 2 spell: Call Imp
  1497 | D:2      | Found Fiuvvaijou's General Store.
  1898 | D:2      | Found a faded altar of an unknown god.
  2295 | D:2      | Reached XP level 4. HP: 24/24 MP: 8/12
  2420 | D:2      | Noticed Sigmund
  2460 | D:2      | Killed Sigmund
  2461 | D:2      | Reached XP level 5. HP: 28/28 MP: 9/15
  2719 | D:3      | Noticed Grinder
  2724 | D:3      | Noticed Robin
  2731 | D:2      | Paralysed by Grinder for 2 turns
  2733 | D:2      | HP: 1/28 [Grinder/nerve-wracking pain (3)]
  2740 | D:2      | Killed Grinder
  2741 | D:2      | Reached XP level 6. HP: 3/32 MP: 9/18
  3077 | D:3      | Killed Robin
  3503 | D:3      | Noticed Jessica
  3512 | D:3      | Killed Jessica
  3513 | D:3      | Reached XP level 7. HP: 34/36 MP: 14/19
  3573 | D:3      | You fall into a shaft and drop 2 floors!
  3573 | D:5      | Entered Level 5 of the Dungeon
  3633 | D:5      | Found Tiemuem's Armour Boutique.
  3637 | D:5      | Noticed a wyvern
  3657 | D:5      | Mangled by a wyvern

Illustrated notes

Levels and vault maps discovered:
D:1:      dpeg_arrival_rooms_with_view, layout_loops_ring
D:2:      layout_basic, shapermc_ecumenical_altar_totnotflames, serial_shops,
          nicolae_shop_gibbet_a_chance, uniq_sigmund
D:3:      layout_rooms, uniq_jessica, uniq_robin, uniq_grinder
D:5:      layout_basic, evilmike_ruin_ashenzari, gammafunk_temple_overflow_wave,
          serial_shops, nicolae_shop_crystal, eino_small_chamber_without_monster

Skill      XL: |  1  2  3  4  5 |
---------------+----------------+-----
Spellcasting   | 4 6 7 |  7.4
Summonings     | 5 6 7 |  7.2
Dodging        | |  2.4
Stealth        | |  2.4

Action                     |  1- 3 |  4- 6 |  7- 9 || total
---------------------------+-------+-------+-------++-------
  Melee: Unarmed           |    39 |       |       ||    39
         Spear             |       |     3 |       ||     3
         Punch             |       |     1 |       ||     1
   Cast: Summon Small Mamm |   120 |     9 |       ||   129
         Call Imp          |    11 |    13 |     2 ||    26
         Call Canine Famil |     2 |    10 |       ||    12
   Stab: Distracted        |     1 |       |       ||     1
 Armour: Robe              |    31 |       |       ||    31
         Leather armour    |    15 |    28 |     7 ||    50
  Dodge: Dodged            |    77 |    17 |     2 ||    96

Table legend: (Time is in decaauts)
 A = Elapsed time spent in this place.
 B = Non-inter-level travel time spent in this place.
 C = Inter-level travel time spent in this place.
 D = Time resting spent in this place.
 E = Time spent auto-exploring this place.
 F = Levels seen in this place.
 G = Mean time per level.
                   A        B        C        D        E       F      G
               +--------+--------+--------+--------+--------+-----+--------+
         Total |   3658 |   3607 |     51 |    664 |   1936 |   4 |  914.5 |
       Dungeon |   3658 |   3607 |     51 |    664 |   1936 |   4 |  914.5 |
               +--------+--------+--------+--------+--------+-----+--------+

Top non-repeatable levels by time:
     D:2: 1519 daAuts
     D:1: 1497 daAuts
     D:3: 557 daAuts
     D:5: 83 daAuts
